 Dungeon Crawl Stone Soup version 0.23.2-40-g277498a001 (webtiles) character file.

Game seed: 5970344289199668100

790 MisterOstroum the Ruffian (level 7, -5/72 HPs)
             Began as a Troll Berserker on Aug 30, 2019.
             Was an Elder of Trog.
             Slain by a bullfrog (9 damage)
             ... on level 5 of the Dungeon.
             The game lasted 00:21:23 (4573 turns).

MisterOstroum the Ruffian (Troll Berserker)         Turns: 4573, Time: 00:21:24

Health: -5/72      AC:  6    Str: 27    XL:     7   Next: 57%
Magic:  6/6        EV: 11    Int:  3    God:    Trog [****..]
Gold:   317        SH:  0    Dex: 10    Spells: 6/6 levels left

rFire    . . .     SeeInvis .     - Unarmed
rCold    . . .     Gourm    +   (no shield)
rNeg     . . .     Faith    .   a - +0 animal skin
rPois    .         Spirit   .   (helmet restricted)
rElec    .         Reflect  .   (no cloak)
rCorr    .         Harm     .   (gloves unavailable)
MR       .....                  (boots unavailable)
Stlth    +.........             (no amulet)
HPRegen  0.62/turn              (no ring)
MPRegen  0.10/turn              (no ring)

@: berserk cooldown, slowed, very slow
A: large, unfitting armour, claws 3, fast metabolism 3, gourmand, regeneration
1, shaggy fur 1, tough skin 3
a: Berserk, Trog's Hand, Brothers in Arms, Renounce Religion


You were on level 5 of the Dungeon.
You worshipped Trog.
Trog was greatly pleased with you.
You were not hungry.

You visited 1 branch of the dungeon, and saw 6 of its levels.

You collected 317 gold pieces.

Inventory:

Missiles
 h - a throwing net {!f}
 j - 5 javelins
 u - 114 stones (quivered)
 v - 4 tomahawks
Armour
 a - a +0 animal skin (worn)
Jewellery
 c - an uncursed amulet of harm {unknown}
 s - an uncursed amulet of regeneration {unknown}
 x - the cursed ring of Midsummer {rPois MR+ Int+2 Dex-3, unknown}
   (You found it on level 5 of the Dungeon)

   [ring of dexterity]

   It affects your intelligence (+2).
   It affects your dexterity (-3).
   It protects you from poison.
   It affects your resistance to hostile enchantments.
   It has a curse placed upon it.
Scrolls
 b - 3 scrolls of teleportation {unknown}
 g - a scroll of noise {unknown}
 i - 2 scrolls of blinking {unknown}
 k - 2 scrolls of enchant armour {unknown}
 l - 5 scrolls of remove curse {unknown}
 o - a scroll of amnesia {unknown}
 q - 5 scrolls of identify
 r - 2 scrolls of enchant weapon {unknown}
 w - 2 scrolls of fear {unknown}
Potions
 d - 3 potions of curing {unknown}
 f - 4 potions of heal wounds {unknown}
 m - 2 potions of flight {unknown}
 n - 2 potions of berserk rage {unknown}
 p - a potion of might {unknown}
 t - 2 potions of magic
 z - a potion of degeneration {unknown}
 A - a potion of invisibility {unknown}
Comestibles
 e - 7 rations


   Skills:
 + Level 5.0 Fighting
 + Level 5.0 Dodging
 * Level 5.0 Unarmed Combat


You had 6 spell levels left.
You didn't know any spells.
Your spell library contained the following spells:

 Spells                   Type           Power        Failure   Level  Hunger
 Confusing Touch          Hex            #.....       52%         1    ##.....
 Confuse                  Hex            #.......     88%         3    ####...
 Gell's Gravitas          Tloc           #.........   88%         3    ####...
 Petrify                  Tmut/Erth      #.......     99%         4    #####..
 Metabolic Englaciation   Hex/Ice        #.........   100%        5    ######.
 Yara's Violent Unravell  Hex/Tmut       #.........   100%        5    ######.


Dungeon Overview and Level Annotations

Branches:
Dungeon (6/15)             Temple (0/1) D:5

Altars:
Fedhas
Gozag
Hepliaklqana
Okawaru
Vehumet


Innate Abilities, Weirdness & Mutations

You are too large for most types of armour.
You have claws for hands.
Your metabolism is lightning-fast.
You like to eat raw meat.
Your natural rate of healing is unusually fast.
You are covered in fur. (AC +1)
You have extremely tough skin. (AC +3)


Message History

You feel yourself speed up. As you open the door, it creaks loudly!
There is an open door here.
You open the door.
There is an open door here.
A leopard gecko comes into view.
Found a robe.
A leopard gecko is nearby!
Throwing (i - inventory. (/) - cycle)
u - 116 stones (quivered)
Press: ? - help, Shift-Dir - straight line, f - leopard gecko
Aim: a leopard gecko (clinging)
You throw a stone. The stone misses the leopard gecko.
Throwing (i - inventory. (/) - cycle)
u - 115 stones (quivered)
Press: ? - help, Shift-Dir - straight line, f/p - leopard gecko
Aim: a leopard gecko (clinging)
You throw a stone. The stone misses the leopard gecko.
The leopard gecko bites you.
You barely miss the leopard gecko. The leopard gecko closely misses you.
You closely miss the leopard gecko. The leopard gecko barely misses you.
You closely miss the leopard gecko. The leopard gecko closely misses you.
You mangle the leopard gecko!!
You kill the leopard gecko!
Trog accepts your kill.
No target in view!
No target in view! 2 orcs, an orc warrior and an ogre come into view.
The orc warrior shouts!
The orc shouts! x2; The ogre shouts!
The orc moves out of view.
You hear a loud, deep croak!
There are monsters nearby!
You recover from your berserk rage.
There is an open door here.
The orc completely misses you.
There is an open door here.
A bullfrog comes into view.
The orc barely misses you.
A red film seems to cover your vision as you go berserk!
You feel yourself moving faster!
You feel mighty!
You feel a lot more hungry.
You closely miss the orc warrior. You barely miss the orc warrior.
The orc closely misses you.
You closely miss the orc warrior. Your claw misses the orc warrior.
The orc warrior hits you with a +0 long sword!!
You scratch the orc warrior.
The orc warrior is lightly wounded.
The orc barely misses you.
You scratch the orc warrior.
The orc warrior is lightly wounded.
The orc warrior hits you but does no damage.
You mangle the orc warrior!!
You kill the orc warrior!
Trog accepts your kill.
Training target 5.0 for Dodging reached!
Your Dodging skill increases to level 5!
You need to enable at least one skill for training.
The orc hits you from afar with a +0 trident.
There is an open door here.
You feel a strong urge to attack something.
You barely miss the orc. The orc hits you but does no damage.
You mangle the orc!!
You kill the orc!
Trog accepts your kill.
You are no longer berserk.
You are exhausted.
You feel yourself slow down.
There is an open door here.
The bullfrog hits you.
The bullfrog hits you but does no damage.
The bullfrog misses you. The bullfrog hits you.
The bullfrog closely misses you.
Unknown command.
The bullfrog hits you but does no damage.
The bullfrog barely misses you. The bullfrog hits you.
The bullfrog barely misses you. The bullfrog hits you.
An orc opens the door.
The bullfrog hits you. The bullfrog hits you.
The bullfrog hits you but does no damage.
The bullfrog hits you. The ogre hits you but does no damage.
The bullfrog hits you but does no damage.
The ogre hits you with a +0 giant club. The bullfrog closely misses you.
The ogre barely misses you. The bullfrog hits you.
The bullfrog completely misses you. The bullfrog hits you. The ogre misses you.
You see here a scorpion corpse.
The bullfrog hits you but does no damage.
The orc hits you with a +0 dagger.
There is a stone staircase leading up here.
The bullfrog hits you. The ogre hits you with a +0 giant club!
* * * LOW HITPOINT WARNING * * *
The bullfrog hits you!
* * * LOW HITPOINT WARNING * * *
The orc hits you but does no damage.
You climb upwards.
There is a stone staircase leading down here.
As you read the scroll labeled DOOMEXK NOOMAE, it crumbles to dust.
It is a scroll of identify.
t - 2 potions of magic The bullfrog hits you!
You die...

##......##..###......>........
##....###..# #...............
###...## #..# #..............#
#....### #..# #..............#
#......# ##.# #..............#
#......# #.# #.............##
#......# #.###...............
##.##...# #.F.o.............##
###...#...## #..@O...........#.#.
...._......###.................##
..#...####.##..####............#.
..##.## #.##.## #........#...#.
.....# #....# ##......####.##
.....# ###..# #.....## #...
.....#####...## #.....# ####
...........#..## ##...##
.........####..# #####


You could see an ogre, a bullfrog and an orc.

Vanquished Creatures
  An orc warrior (D:6)
  A centaur (D:6)
  A scorpion (D:6)
  The ghost of EtherCrawl the Cudgeler, a weakling TrMo (D:3)
  2 crimson imps
  A quasit (D:6)
  A jelly (D:5)
  A centaur skeleton (D:5)
  A bullfrog skeleton (D:4)
  2 iguanas
  A worker ant (D:6)
  A mummy (D:5)
  6 adders
  4 gnolls
  A shadow imp (D:5)
  2 oozes
  An adder skeleton (D:4)
  4 worms
  4 dart slugs
  5 leopard geckos
  6 orcs
  A ball python (D:1)
  2 giant cockroaches (D:2)
  11 goblins
  12 hobgoblins
  8 jackals
  3 kobolds
  3 quokkas
  8 bats
  8 frilled lizards
  A hobgoblin zombie (D:5)
  2 kobold zombies (D:5)
  An orc zombie (D:5)
  A quokka skeleton (D:5)
  7 rats (D:1)
115 creatures vanquished.

Notes
Turn   | Place    | Note
-------+----------+-------------------------------------------
     0 | D:1      | MisterOstroum the Troll Berserker began the quest for the
                  | Orb.
     0 | D:1      | Reached XP level 1. HP: 22/22 MP: 0/0
    68 | D:1      | Reached XP level 2. HP: 31/31 MP: 1/1
   313 | D:1      | Reached XP level 3. HP: 37/37 MP: 2/2
   446 | D:1      | Reached ** piety under Trog
   965 | D:2      | Reached XP level 4. HP: 48/48 MP: 3/3
  1911 | D:3      | Reached XP level 5. HP: 54/54 MP: 4/4
  1985 | D:3      | Found a hazy altar of Hepliaklqana.
  2084 | D:3      | Reached *** piety under Trog
  2218 | D:3      | Found a runed translucent gate.
  2219 | D:3      | Found a runed translucent gate.
  2219 | D:3      | Found an opulent altar of Gozag.
  2220 | D:3      | Found a runed translucent gate.
  2222 | D:3      | Noticed EtherCrawl's ghost (weakling TrMo)
  2246 | D:3      | Killed EtherCrawl's ghost
  2829 | D:4      | Reached XP level 6. HP: 63/63 MP: 5/5
  3083 | D:4      | Reached skill level 5 in Unarmed Combat
  3110 | D:4      | Found an iron altar of Okawaru.
  3577 | D:5      | Entered Level 5 of the Dungeon
  3606 | D:5      | Found a blossoming altar of Fedhas.
  3733 | D:5      | Got a shimmering lead ring
  3830 | D:5      | Found a radiant altar of Vehumet.
  3944 | D:5      | Reached skill level 5 in Fighting
  4013 | D:5      | Found a staircase to the Ecumenical Temple.
  4371 | D:6      | Reached XP level 7. HP: 72/72 MP: 6/6
  4407 | D:6      | Reached **** piety under Trog
  4548 | D:6      | Reached skill level 5 in Dodging
  4571 | D:6      | HP: 2/72 [bullfrog (8)]
  4573 | D:5      | Slain by a bullfrog

Skill      XL: |  1  2  3  4  5  6  7 |
---------------+----------------------+-----
Fighting       | 3 4 5 |  5.0
Unarmed Combat | 4 5 |  5.0
Dodging        | 3 5 |  5.0

Action                   |  1- 3 |  4- 6 |  7- 9 || total
-------------------------+-------+-------+-------++-------
Melee: Unarmed           |    71 |   176 |    26 ||   273
       Punch             |       |     2 |     1 ||     3
Throw: Javelin           |     4 |     3 |       ||     7
       Stone             |     3 |    85 |     7 ||    95
       Tomahawk          |       |    14 |       ||    14
Invok: Berserk           |     2 |     9 |     2 ||    13
  Use: Scroll            |       |       |     1 ||     1
 Stab: Sleeping          |     2 |       |       ||     2
  Eat: Chunk             |    15 |    33 |     5 ||    53
Armor: Animal skin       |    20 |    57 |    13 ||    90
Dodge: Dodged            |    27 |    64 |    17 ||   108
